 Dungeon Crawl Stone Soup version 0.28-a0-687-gb91baff9cc (webtiles) character file.

Game seed: 6682161787112678590

651063 timneilson the Invulnerable (level 27, -19/176 HPs)
             Began as a Gargoyle Fighter on Oct 17, 2021.
             Was the Champion of Okawaru.
             Demolished by an Orb Guardian (25 damage)
             ... on level 5 of the Realm of Zot on Oct 19, 2021.
             The game lasted 04:24:10 (62654 turns).

timneilson the Invulnerable (Gargoyle Fighter)     Turns: 62654, Time: 04:24:12

Health: -19/176    AC:  0    Str: 28 (29) XL:     27
Magic:  9/28       EV: 31    Int: 20      God:    Okawaru [******]
Gold:   7763       SH:  0    Dex: 11 (14) Spells: 32/36 levels left

rFire   . . .      SeeInvis .     - Unarmed
rCold   . . .      Faith    .   (shield currently unavailable)
rNeg    + . .      Spirit   .   (armour currently unavailable)
rPois   ∞          Reflect  .   (helmet currently unavailable)
rElec   .          Harm     .   (cloak currently unavailable)
rCorr   .          Rampage  .   (gloves currently unavailable)
Will    +++..      Rage     1%  (boots currently unavailable)
Stlth   +.........              f - amulet "Nimaguw" {Drain Will+ Regen+ Int+7}
HPRegen 2.39/turn               (ring currently unavailable)
MPRegen 0.21/turn               (ring currently unavailable)

@: mighty, bat-form, silenced, heroic, finesse-ful, flying, contaminated,
hasted, glowing, studying 3 skills, very quick
A: fast, flying, no casting, sickness immunity, AC +20, tiny, (big wings),
negative energy resistance 1, (electricity resistance), torment resistance 1,
petrification resistance, (hooves 1), berserk 1, low mp 2, regeneration 1,
screaming 2, devolution 1
}: 3/15 runes: serpentine, barnacled, silver
a: Renounce Religion


You were on level 5 of the Realm of Zot.
You worshipped Okawaru.
Okawaru was exalted by your worship.
You were a bat.
You visited 11 branches of the dungeon, and saw 52 of its levels.
You visited the Abyss 1 time.
You also visited: Trove, Ice Cave, Volcano, Wizlab and Desolation.

You collected 12379 gold pieces.
You spent 4616 gold pieces at shops.

Inventory:

Hand Weapons
 r - a +0 demon blade of flaming
 Q - the +9 demon blade "Liel" {pain, rN+ Will+}
   (You found it on level 1 of the Depths)

   In the hands of one skilled in necromantic magic, it inflicts extra damage on
   living creatures.
   rN:        It protects you from negative energy.
   Will:      It increases your willpower.
 W - the +6 demon blade of the Orcish Mines (melded) {drain, rF++}
   (Okawaru gifted it to you on level 2 of the Depths)

   A truly terrible weapon, it drains the life of any living foe it strikes.
   rF:        It greatly protects you from fire.
Armour
 d - the +0 pair of gloves of Loss (melded) {Regen+}
   (You bought it in a shop on level 1 of the Dungeon)

   Regen:     It increases your rate of health regeneration.
 e - the +2 pair of gloves of the Eight Boll Weevils {rF+ rC- rN++ Slay+3}
   (Okawaru gifted it to you on level 5 of the Vaults)

   Slay:      It affects your accuracy & damage with ranged weapons and melee
   (+3).
   rF:        It protects you from fire.
   rC:        It makes you vulnerable to cold.
   rN:        It greatly protects you from negative energy.
 i - a +0 kite shield of reflection (melded)
 j - +6 gold dragon scales (melded)
 C - the +4 dragonskin cloak (melded)
   (You took it off Tiamat on level 2 of the Realm of Zot)

   It grants the wearer a chance to resist fire, cold, poison, electricity,
   acid, and negative energy.
 D - the +1 pair of boots "Jianaw" (melded) {Dex+4}
   (Okawaru gifted it to you on level 1 of the Lair of Beasts)

   Dex:       It affects your dexterity (+4).
 G - a +0 helmet of see invisible (melded)
 P - a +0 cloak of willpower
Jewellery
 c - the ring "Nyesesel" {*Slow rPois Will++ rCorr Stlth+}
   (You found it on level 1 of the Lair of Beasts)

   [ring of resist corrosion]

   rPois:     It protects you from poison.
   rCorr:     It protects you from acid and corrosion.
   *Slow:     It may slow you when you take damage.
   Will:      It greatly increases your willpower.
   Stlth:     It makes you more stealthy.
 f - the amulet "Nimaguw" (around neck) {Drain Will+ Regen+ Int+7}
   (You bought it in a shop on level 4 of the Snake Pit)

   [amulet of regeneration]

   Int:       It affects your intelligence (+7).
   Regen:     It increases your rate of health regeneration.
   Drain:     It drains your maximum health when unequipped.
   Will:      It increases your willpower.
 J - the ring of Seumiutz (melded) {rElec rF+ rC+ Str+3 Slay+3}
   (You found it in the Desolation of Salt)

   [ring of protection from fire]

   Str:       It affects your strength (+3).
   Slay:      It affects your accuracy & damage with ranged weapons and melee
   (+3).
   rF:        It protects you from fire.
   rC:        It protects you from cold.
   rElec:     It insulates you from electricity.
 M - the ring "Ming" {*Slow rElec rF+ rCorr Dex+2}
   (You found it on level 2 of the Realm of Zot)

   [ring of resist corrosion]

   Dex:       It affects your dexterity (+2).
   rF:        It protects you from fire.
   rElec:     It insulates you from electricity.
   rCorr:     It protects you from acid and corrosion.
   *Slow:     It may slow you when you take damage.
 O - the ring "Quapn" {Wiz Contam rElec rPois Will++}
   (You found it on level 2 of the Realm of Zot)

   [ring of wizardry]

   It improves your spell success rate.
   rElec:     It insulates you from electricity.
   rPois:     It protects you from poison.
   Contam:    It causes magical contamination when unequipped.
   Will:      It greatly increases your willpower.
 R - the ring of Mistrust (melded) {Will+ Str+7}
   (You found it on level 5 of the Vaults)

   [ring of willpower]

   Str:       It affects your strength (+7).
   Will:      It increases your willpower.
 V - a ring of resist corrosion
 X - the ring "Mankomn" {rPois rN+ EV+4 Str+4 Dex-5}
   (You found it in a wizard's laboratory)

   [ring of evasion]

   EV:        It affects your evasion (+4).
   Str:       It affects your strength (+4).
   Dex:       It affects your dexterity (-5).
   rPois:     It protects you from poison.
   rN:        It protects you from negative energy.
Wands
 g - a wand of paralysis (29)
 l - a wand of mindburst (122)
 n - a wand of digging (26)
 v - a wand of flame (155)
 y - a wand of polymorph (3)
 H - a wand of iceblast (15)
 U - a wand of acid (24)
Scrolls
 a - 34 scrolls of identify
 o - 23 scrolls of teleportation
 t - 2 scrolls of silence
 u - 3 scrolls of blinking
 w - 14 scrolls of enchant weapon
 z - 6 scrolls of fear
 F - 11 scrolls of fog
 I - 6 scrolls of magic mapping
 N - 3 scrolls of holy word
 Y - 4 scrolls of brand weapon
Potions
 b - 6 potions of resistance
 h - 2 potions of magic
 k - 2 potions of might
 m - 8 potions of mutation
 p - 10 potions of attraction
 q - 3 potions of curing
 s - 7 potions of cancellation
 A - 5 potions of invisibility
 B - a potion of berserk rage
 E - 8 potions of haste
Miscellaneous
 K - a condenser vane
 L - a tin of tremorstones (1/2)
 S - a lightning rod (4/4)


   Skills:
 + Level 18.9(23.9) Fighting
 * Level 21.8(26.8) Long Blades
 O Level 27 Armour
 + Level 17.8(22.8) Dodging
 * Level 25.4(27) Shields
 + Level 5.1 Spellcasting
 + Level 2.6 Translocations
 + Level 7.0 Air Magic
 + Level 18.0 Invocations
 + Level 15.4 Evocations


You had 32 spell levels left.
You knew the following spells:

 Your Spells              Type           Power      Damage    Failure   Level
a - Swiftness             Air            33%        N/A       1%          3
b - Apportation           Tloc           30%        N/A       4%          1

Your spell library contained the following spells:

 Spells                   Type           Power      Damage    Failure   Level
 Shock                    Conj/Air       76%        1d7       2%          1
 Corpse Rot               Necr/Air       38%        N/A       4%          2
 Poisonous Vapours        Pois/Air       38%        N/A       4%          2
 Static Discharge         Conj/Air       19%        N/A       4%          2
 Airstrike                Air            16%        N/A       6%          4
 Foxfire                  Conj/Fire      20%        2x1d5     12%         1
 Freeze                   Ice            20%        1d4       12%         1
 Magic Dart               Conj           20%        1d4       12%         1
 Pain                     Necr           20%        1d5       12%         1
 Sandblast                Erth           10%        2d5       12%         1
 Sting                    Tmut/Pois      20%        1d4       12%         1
 Gell's Gravitas          Tloc           7%         N/A       12%         3
 Teleport Other           Tloc           15%        N/A       12%         3
 Mephitic Cloud           Conj/Pois/Air  14%        N/A       13%         3
 Passwall                 Tmut/Erth      4%         N/A       17%         2
 Slow                     Hex            5%         N/A       17%         2
 Wereblood                Tmut           5%         N/A       17%         2
 Portal Projectile        Hex/Tloc       20%        N/A       21%         3
 Confusing Touch          Hex            5%         N/A       34%         3
 Conjure Flame            Conj/Fire      5%         6-21      34%         3
 Frozen Ramparts          Ice            10%        1d3       34%         3
 Ignite Poison            Fire/Tmut/Pois 5%         N/A       34%         3
 Inner Flame              Hex/Fire       5%         N/A       34%         3
 Ozocubu's Armour         Ice            5%         N/A       34%         3
 Spider Form              Tmut/Pois      2%         N/A       34%         3
 Stone Arrow              Conj/Erth      10%        3d7       34%         3
 Vampiric Draining        Necr           2%         2d6       34%         3
 Passage of Golubria      Tloc           15%        N/A       36%         4
 Iskenderun's Mystic Bla  Conj/Tloc      10%        2d4       56%         4
 Lightning Bolt           Conj/Air       9%         1d22      58%         5
 Dispel Undead            Necr           5%         3d7       75%         4
 Flame Wave               Conj/Fire      5%         3d4       75%         4
 Fulminant Prism          Conj/Hex       2%         3d6       75%         4
 Hailstorm                Conj/Ice       5%         3d4       75%         4
 Ice Form                 Ice/Tmut       5%         N/A       75%         4
 Leda's Liquefaction      Hex/Erth       2%         N/A       75%         4
 Olgreb's Toxic Radiance  Pois           5%         N/A       75%         4
 Petrify                  Tmut/Erth      5%         N/A       75%         4
 Sticky Flame             Conj/Fire      5%         2d3       75%         4
 Freezing Cloud           Conj/Ice/Air   7%         6-21      77%         5
 Alistair's Intoxication  Tmut/Pois      3%         N/A       97%         5
 Blade Hands              Tmut           2%         N/A       97%         5
 Excruciating Wounds      Necr           2%         N/A       97%         5
 Fireball                 Conj/Fire      2%         3d4       97%         5
 Irradiate                Conj/Tmut      2%         3d14      97%         5
 Iskenderun's Battlesphe  Conj           5%         2d6       97%         5
 Lee's Rapid Deconstruct  Erth           2%         3d6*      97%         5
 Metabolic Englaciation   Hex/Ice        2%         N/A       97%         5
 Yara's Violent Unravell  Hex/Tmut       2%         3d3       97%         5
 Dispersal                Tloc           7%         N/A       99%         6
 Eringya's Noxious Bog    Tmut/Pois      2%         N/A       100%        6
 Iron Shot                Conj/Erth      2%         9d2       100%        6
 Starburst                Conj/Fire      2%         6d3       100%        6
 Ozocubu's Refrigeration  Ice            2%         4d5       100%        7
 Storm Form               Tmut/Air       9%         N/A       100%        7
 Disjunction              Tloc           7%         N/A       100%        8
 Ignition                 Fire           2%         3d3       100%        8
 Lehudib's Crystal Spear  Conj/Erth      2%         10d2      100%        8
 Maxwell's Capacitive Co  Air            16%        ∞         100%        8
 Chain Lightning          Conj/Air       9%         3d12      100%        9
 Polar Vortex             Ice            2%         N/A       100%        9
 Animate Skeleton         Necr           Unusable   N/A       N/A         1
 Summon Small Mammal      Summ           Unusable   N/A       N/A         1
 Call Canine Familiar     Summ           Unusable   N/A       N/A         3
 Summon Guardian Golem    Hex/Summ       Unusable   N/A       N/A         3
 Tukima's Dance           Hex            Unusable   N/A       N/A         3
 Animate Armour           Summ/Erth      Unusable   N/A       N/A         4
 Summon Ice Beast         Ice/Summ       Unusable   N/A       N/A         4
 Summon Forest            Summ/Tloc      Unusable   N/A       N/A         5
 Death Channel            Necr           Unusable   N/A       N/A         6
 Simulacrum               Ice/Necr       Unusable   N/A       N/A         6
 Statue Form              Tmut/Erth      Unusable   N/A       N/A         6
 Spellforged Servitor     Conj/Summ      Unusable   N/A       N/A         7
 Summon Hydra             Summ           Unusable   N/A       N/A         7
 Infestation              Necr           Unusable   N/A       N/A         8

Dungeon Overview and Level Annotations

Branches:
Dungeon (15/15)            Temple (1/1) D:5            Lair (6/6) D:8
 Shoals (4/4) Lair:2        Snake (4/4) Lair:3        Slime (0/5) Lair:6
    Orc (2/2) D:10            Elf (3/3) Orc:2        Vaults (5/5) D:13
  Crypt (3/3) Vaults:2       Tomb (0/3) Crypt:3      Depths (4/4) D:15
    Zot (5/5) Depths:4      IceCv (visited)         Volcano (visited)
 WizLab (visited)         Desolation (visited)

Altars:
Ashenzari
Cheibriados
Dithmenos
Elyvilon
Fedhas
Gozag
Hepliaklqana
Kikubaaqudgha
Makhleb
Nemelex Xobeh
Okawaru
Qazlal
Ru
Sif Muna
Trog
Uskayaw
Vehumet
Wu Jian
Xom
Yredelemnul
Zin
The Shining One
Lugonu

Shops:
D:1 [   Orc:2 !:*[   Elf:1 !**   Snake:4 =:==   Vaults:3 (   Vaults:5 ??
Depths:4 [

Portals:
Hell: Depths:1 Depths:2 Depths:3 Depths:4
Abyss: Lair:6 Depths:3 Depths:4
Pandemonium: Orc:2 Depths:2
Ziggurat: Depths:2

Annotations:
Crypt:2 1 runed translucent door, Paets's ghost, adept GrFi


Innate Abilities, Weirdness & Mutations

You are a bat.
You are tiny and dextrous.
You move quickly.
You are flying.
Your equipment is almost entirely melded.
You are incapable of wielding weapons or throwing items.
You cannot cast spells.
You are immune to sickness and miasma.
((Your stone body is resilient. (AC +20)))
You are immune to poison.
((Your large and strong wings let you fly.))
You resist negative energy. (rN+)
((You are resistant to electric shocks. (rElec)))
You are resistant to unholy torment.
You are immune to petrification.
((You have large cloven feet.))
You tend to lose your temper in combat.
Your magical capacity is very low. (-20% MP)
Your natural rate of healing is unusually fast.
You frequently scream uncontrollably at your foes.
You have hidden genetic defects.


Message History

You block the electric golem's attack.
The electric golem hits you but does no damage.
You barely miss the electric golem.
The electric golem is almost destroyed.
The Orb Guardian hits you!
* * * LOW HITPOINT WARNING * * *
The Killer Klown blinks!
The golden dragon bites you but does no damage.
The golden dragon claws you but does no damage.
The golden dragon tramples you but does no damage.
You block the Orb Guardian's attack.
You slice the electric golem!!
You destroy the electric golem!
Okawaru accepts your kill.
The Orb Guardian hits you but does no damage.
Your Air Magic skill increases to level 7!
Unknown command.
You slash the golden dragon! You drain the golden dragon.
The golden dragon is heavily wounded.
You block the Orb Guardian's attack.
The Orb Guardian hits you but does no damage.
The Killer Klown pies you viciously! The klown pie hits you!!
Moon pie!
You turn into a bat.
The +6 demon blade of the Orcish Mines {drain, rF++} melds into your body.
The +4 dragonskin cloak melds into your body.
Your +0 helmet of see invisible melds into your body.
The +0 pair of gloves of Loss {Regen+} melds into your body.
The +1 pair of boots "Jianaw" {Dex+4} melds into your body.
Your +0 kite shield of reflection melds into your body.
Your +6 gold dragon scales melds into your body.
The ring of Seumiutz {rElec rF+ rC+ Str+3 Slay+3} melds into your body.
The ring of Mistrust {Will+ Str+7} melds into your body.
You no longer feel protected from the elements.
You feel less perceptive.
* * * LOW HITPOINT WARNING * * *
The Orb Guardian misses you.
You barely miss the golden dragon.
The golden dragon is heavily wounded.
The Orb Guardian hits you!!
You die...

,,,,,,,,.......^..p.# *▓▓****** *
,,,,,,,,............▓*▓..,,^,,***
,,,,,,,,............▓▓..,,,,,,,**
,,,,,,,,........[...▓..^^,,,,,,,*
,,,,,,,,............p...,,,,,,,,,
,,,,,,,,.^......)...▓..X.,,,,,,,*
,,^,,,,,.p.....§.X..▓*...,,,,,^**
,,,,,,,,^......pXX..▓**.X,,,,,***
,,,,,,,,.......XbX..▓ **▓****** *
,,,,,,,,.......DXX.▓▓ *
,,,,,,,,.........▓▓▓
*,,,,,^,,....§▓▓▓▓
*********▓▓▓▓▓*


You could see 3 Killer Klowns, a golden dragon (drained) and 7 Orb Guardians.

Vanquished Creatures
  A dread lich (Zot:5)
  Tiamat (Zot:2)
  4 orbs of fire
  4 ancient liches
  5 juggernauts (Depths:3)
  Boris (Crypt:1)
  Sojobo (Depths:4)
  Saint Roka (Snake:3)
  6 Killer Klowns
  Vashnia (Snake:4)
  4 caustic shrikes (Depths:3)
  4 curse toes
  Nikola (Shoals:2)
  9 golden dragons
  Jory (Depths:2)
  the Enchantress (Depths:4)
  2 bone dragons
  An iron giant (Zot:5)
  2 electric golems
  A Cloud Mage (WizLab)
  18 tentacled monstrosities
  Jorgrun (D:12)
  4 liches
  2 walking crystal tomes (Depths:3)
  2 deep elf blademasters (Elf:3)
  A Hell Sentinel (Abyss:2)
  8 titans
  2 deep elf master archers (Elf:3)
  2 walking divine tomes
  13 Orb Guardians (Zot:5)
  7 quicksilver dragons
  3 ancient champions
  A kraken (Shoals:4)
  5 sphinxes
  An Executioner (Depths:4)
  8 shadow dragons
  Kirke (Shoals:1)
  15 tengu reavers
  17 storm dragons
  Ilsuiw (Shoals:3)
  9 death cobs
  The ghost of Huol the Warrior, an adept FoFi of Okawaru (Elf:2)
  2 revenants (Crypt:1)
  Roxanne (Shoals:4)
  6 fire giants
  17 nagarajas
  4 draconian monks
  2 iron dragons (Depths:3)
  7 ghost moths
  2 imperial myrmidons (Desolation)
  7 frost giants
  3 orc warlords
  5 draconian knights
  4 draconian scorchers
  5 ghouls
  2 caustic shrike zombies (Crypt:3)
  4 draconian shifters
  3 cacodemons (Zot:2)
  A balrug (Depths:2)
  8 deep elf sorcerers
  Aizul (Snake:2)
  16 vault wardens
  A deep elf elementalist (Elf:3)
  16 draconian annihilators
  21 ironbound preservers
  3 spriggan defenders (Depths:4)
  3 caustic shrike skeletons (Crypt:1)
  A reaper (Depths:1)
  5 war gargoyles
  6 draconian stormcallers
  22 stone giants
  20 very ugly things
  11 vampire knights
  7 deep elf demonologists
  18 green draconians
  13 black draconians
  6 purple draconians
  15 yellow draconians
  12 dire elephants
  A halazid warlock (Desolation)
  2 entropy weavers
  17 red draconians
  9 white draconians
  11 deep elf annihilators
  16 spark wasps
  Snorg (Orc:1)
  9 ettins
  6 deep elf death magi (Elf:3)
  3 merfolk javelineers (Shoals:4)
  9 crystal guardians
  7 merfolk impalers
  5 fire dragons
  10 eidola
  3 blizzard demons (WizLab)
  7 ragged hierophants (Desolation)
  The ghost of hgbash the Fighter, a journeyman MiBe of Trog (D:11)
  Josephine (D:15)
  12 yaktaur captains
  12 ironbound thunderhulks
  17 jiangshi
  A rakshasa (Depths:3)
  The ghost of Chaicat the Cleaver, a journeyman MiFi of Elyvilon (D:10)
  Fannar (Lair:2)
  The ghost of Cancer the Geomancer, a journeyman GrEE of Vehumet (Lair:2)
  9 deep elf high priests
  3 salamander tyrants (Snake:4)
  7 servants of whispers (Desolation)
  8 great orbs of eyes
  23 naga warriors
  Harold (Orc:1)
  5 boulder beetles
  9 ice dragons
  2 fenstrider witch zombies (Crypt:1)
  33 vault guards
  14 hydras
  11 peacekeepers
  Erolcha (D:12)
  5 merfolk avatars
  A ghost crab (WizLab)
  2 ogre magi
  A two-headed ogre (shapeshifter) (Depths:2)
  11 two-headed ogres
  5 centaur warriors
  11 spriggan air magi
  6 ironbound frosthearts
  2 demonspawn (Orc:2)
  2 anacondas
  A death knight (D:14)
  2 alligator snapping turtles (Shoals:4)
  2 satyrs
  28 dancing weapons
  A hell hog (Depths:1)
  6 merfolk aquamancers
  12 death yaks
  7 vampire magi
  5 tengu warriors
  8 orc high priests (Orc:2)
  7 deep troll earth magi
  3 spriggan berserkers
  A sun demon (Depths:1)
  15 deep troll shamans
  6 shock serpents
  20 naga sharpshooters
  3 thrashing horrors (Lair:6)
  2 titan zombies
  A titan skeleton (Crypt:1)
  3 soul eaters
  20 deep elf knights
  Nergalle (Lair:2)
  A storm dragon zombie (Vaults:4)
  10 iron trolls
  15 hell knights
  83 deep trolls
  12 shadow wraiths
  3 salamander mystics
  17 sea snakes
  An anaconda zombie (Crypt:1)
  A glowing orange brain (shapeshifter) (D:15)
  2 golden dragon zombies
  29 skeletal warriors
  A shadow demon (Depths:2)
  A storm dragon skeleton (Vaults:3)
  6 naga ritualists
  5 glowing orange brains
  11 flayed ghosts
  5 bog bodies
  A swamp dragon (shapeshifter) (Depths:3)
  8 wizards
  A tengu zombie (Crypt:1)
  11 deep elf archers
  An anaconda skeleton (Crypt:1)
  2 starcursed masses (Abyss:2)
  4 lindwurms
  2 bunyip skeletons
  14 necromancers
  14 phantasmal warriors
  Pikel (D:5)
  A golden dragon skeleton (Depths:3)
  27 deep elf pyromancers
  19 ironbound convokers
  2 shadow dragon zombies
  29 deep elf zephyrmancers
  4 human zombies
  13 orc knights
  A shining eye (shapeshifter) (Vaults:5)
  6 orc sorcerers
  41 ugly things
  35 harpies
  8 mana vipers
  An orb spider (shapeshifter) (D:13)
  9 cyclopes
  2 mana vipers (shapeshifter) (Vaults:5)
  A sphinx zombie (Vaults:3)
  3 stone giant zombies (Crypt:1)
  13 fauns
  2 shadow dragon skeletons
  25 manticores
  11 salamanders
  A manticore (shapeshifter) (Vaults:5)
  30 moths of wrath
  A tengu skeleton (Vaults:4)
  13 elephants
  2 spriggan zombies
  A frost giant skeleton (Crypt:1)
  32 black mambas
  9 guardian serpents
  2 stone giant skeletons
  12 merfolk sirens
  A human skeleton (Crypt:1)
  4 apocalypse crabs (WizLab)
  15 vault sentinels
  3 gargoyles
  7 water nymphs
  A storm dragon simulacrum (Depths:3)
  5 smoke demons
  2 orange demons
  2 molten gargoyles (Volcano)
  12 naga magi
  A torpor snail (Lair:4)
  2 centaur skeletons
  A catoblepas zombie (Crypt:1)
  A bunyip simulacrum (Abyss:2)
  2 kobold demonologists
  2 spriggan skeletons
  17 cane toads
  10 rime drakes
  A dire elephant skeleton (Crypt:1)
  12 komodo dragons
  4 freezing wraiths
  A rime drake (shapeshifter) (Lair:6)
  2 yaktaur zombies
  5 ice devils
  22 yaktaurs
  2 ancient zymes (Lair:6)
  2 tengu conjurers
  3 harpy zombies
  4 guardian mummies (Depths:2)
  A queen bee (D:11)
  A catoblepas skeleton (Crypt:1)
  5 trolls
  A hydra zombie (Crypt:3)
  27 merfolk
  8 wind drakes
  7 hornets
  20 slime creatures
  A jumping spider zombie (Crypt:1)
  59 saltlings (Desolation)
  3 raiju
  28 blink frogs
  12 snapping turtles
  A dream sheep (shapeshifter) (Vaults:5)
  20 dream sheep
  3 fire dragon zombies
  3 fire dragon skeletons
  A black mamba zombie (Crypt:1)
  A satyr skeleton (Crypt:2)
  5 spriggans
  Eustachio (D:6)
  38 flying skulls
  A redback (shapeshifter) (Vaults:5)
  23 water elementals
  A vampire (D:12)
  8 air elementals
  An alligator skeleton (Crypt:1)
  A tarantella (Vaults:4)
  12 wraiths
  A human (shapeshifter) (Elf:3)
  6 basilisks
  4 ynoxinuls (Lair:6)
  4 wyverns
  Grum (D:10)
  A black mamba skeleton (Crypt:1)
  A neqoxec (Abyss:2)
  A human (Shoals:1)
  2 fire bats (Volcano)
  11 steam dragons
  2 fire elementals
  A golden eye (Abyss:2)
  17 vampire mosquitoes
  4 chaos spawn
  26 yaks
  A catoblepas simulacrum (Crypt:1)
  3 hogs (Shoals:1)
  7 wargs
  39 nagas
  Edmund (D:4)
  2 harpy simulacra (Crypt:1)
  2 naga zombies (Crypt:1)
  A naga (shapeshifter) (Vaults:5)
  17 water moccasins
  A floating eye (shapeshifter) (Vaults:3)
  A faun skeleton (Crypt:2)
  A floating eye (Depths:4)
  2 large abominations (Lair:6)
  41 orc warriors
  A hornet zombie (D:7)
  2 ice beasts
  2 sky beasts
  3 black bears
  A black mamba simulacrum (Abyss:2)
  4 necrophages
  16 centaurs
  15 ogres
  29 wolves
  A lemure (D:5)
  A phantom (D:5)
  2 kobold brigands (D:9)
  A gnoll sergeant (D:8)
  A water moccasin zombie (D:5)
  13 bullfrogs
  A glowing shapeshifter simulacrum (Depths:3)
  3 scorpions
  A two-headed ogre simulacrum (IceCv)
  3 earth elementals (Elf:3)
  17 small abominations
  A cyclops zombie (Crypt:1)
  31 killer bees
  10 wights
  4 electric eels
  A howler monkey (D:6)
  7 lava snakes (Volcano)
  5 centaur zombies
  3 jellies (Lair:6)
  A hound (D:4)
  26 orc priests
  An iron imp (Abyss:2)
  A bullfrog skeleton (D:3)
  2 gnoll shamans
  18 orc wizards
  2 iguanas
  2 polar bear simulacra (IceCv)
  Ijyb (D:4)
  Natasha (thrice) (D:2)
  A naga skeleton (Crypt:1)
  A felid skeleton (Crypt:2)
  2 hound skeletons (D:5)
  4 mummies (Depths:2)
  A howler monkey zombie (D:10)
  15 gnolls
  A howler monkey skeleton (Crypt:2)
  6 adders
  A shadow imp (D:5)
  3 white imps
  2 ufetubi
  A halfling skeleton (Crypt:2)
  4 worms
  A barachi zombie (Crypt:2)
  2 dart slugs (D:1)
  75 orcs
  4 ball pythons
  3 bats
  9 endoplasms
  A giant cockroach (D:2)
  13 goblins
  10 hobgoblins
  5 jackals
  4 quokkas
  2 frilled lizards
  22 kobolds
  A kobold zombie (Crypt:1)
  5 rats
  3 pillars of salt (Vaults:2)
2638 creatures vanquished.

Vanquished Creatures (others)
  A deep elf knight (Elf:2)
  A wizard (Vaults:1)
  A deep elf archer (Elf:2)
  A deep elf pyromancer (Elf:2)
  A rime drake (Lair:3)
  A dream sheep (shapeshifter) (Depths:3)
  An air elemental (WizLab)
  An orc priest (Orc:2)
  An orc (Orc:2)
  A bush (Elf:2)
  31 fungi
  7 pillars of salt (Vaults:2)
  135 plants
  4 tentacles (Shoals:4)
187 creatures vanquished.

Grand Total: 2825 creatures vanquished

Notes
Turn   | Place    | Note
-------+----------+-------------------------------------------
     0 | D:1      | timneilson the Gargoyle Fighter began the quest for the
                  | Orb.
     0 | D:1      | Reached XP level 1. HP: 14/14 MP: 1/1
   121 | D:1      | Reached XP level 2. HP: 19/19 MP: 2/2
   327 | D:1      | Reached XP level 3. HP: 7/23 MP: 3/3
   565 | D:1      | Found Situcior's Armour Boutique.
   990 | D:2      | Found a faded altar of an unknown god.
  1058 | D:2      | Reached skill level 1 in Dodging
  1058 | D:2      | Reached XP level 4. HP: 22/28 MP: 4/4
  1187 | D:2      | Noticed Natasha
  1200 | D:2      | Killed Natasha
  1205 | D:2      | Reached skill level 4 in Armour
  1320 | D:2      | Noticed Natasha
  1329 | D:2      | Killed Natasha
  1330 | D:2      | Reached XP level 5. HP: 28/33 MP: 5/5
  2435 | D:4      | Found an ancient bone altar of Kikubaaqudgha.
  2457 | D:4      | Reached XP level 6. HP: 34/38 MP: 6/6
  2500 | D:4      | Noticed a black bear
  2730 | D:4      | Killed a black bear
  2731 | D:4      | Reached skill level 5 in Shields
  2861 | D:4      | Noticed Edmund
  2869 | D:4      | Killed Edmund
  2870 | D:4      | Reached skill level 5 in Armour
  2870 | D:4      | Reached XP level 7. HP: 31/44 MP: 7/7
  3057 | D:2      | Noticed Natasha
  3068 | D:2      | Killed Natasha
  3106 | D:1      | Bought the +0 pair of gloves of Loss {Regen+} for 149 gold
                  | pieces
  3451 | D:4      | Noticed Ijyb
  3468 | D:4      | Killed Ijyb
  3889 | D:4      | Identified a scroll of acquirement
  3889 | D:4      | Acquired 1175 gold pieces
  4011 | D:1      | Bought the +3 chain mail "Qaefahor" {Rampage rN+} for 399
                  | gold pieces
  4087 | D:5      | Entered Level 5 of the Dungeon
  4215 | D:5      | Reached XP level 8. HP: 46/48 MP: 8/8
  4246 | D:5      | Noticed Pikel
  4248 | D:5      | Paralysed by Pikel for 5 turns
  4277 | D:5      | Killed Pikel
  4278 | D:5      | Reached skill level 5 in Fighting
  4278 | D:5      | Reached skill level 5 in Long Blades
  4278 | D:5      | Reached skill level 6 in Armour
  4288 | D:5      | Found a staircase to the Ecumenical Temple.
  4302 | Temple   | Entered the Ecumenical Temple
  4324 | Temple   | Became a worshipper of Warmaster Okawaru
  4854 | D:5      | Found a glowing silver altar of Zin.
  5144 | D:6      | Reached XP level 9. HP: 54/54 MP: 9/9
  5356 | D:6      | Found a basalt altar of Yredelemnul.
  5371 | D:6      | Reached skill level 7 in Armour
  5428 | D:6      | Reached skill level 1 in Invocations
  5499 | D:6      | Noticed Eustachio
  5520 | D:6      | Killed Eustachio
  5520 | D:6      | Reached * piety under Okawaru
  5523 | D:6      | Reached skill level 1 in Evocations
  6087 | D:7      | Reached ** piety under Okawaru
  6088 | D:7      | Reached skill level 5 in Dodging
  6231 | D:7      | Found a radiant altar of Vehumet.
  6266 | D:7      | Identified the +2 rapier "Caip" {vorpal, Int+3}
  6502 | D:8      | Reached XP level 10. HP: 55/60 MP: 11/11
  6563 | D:8      | Reached skill level 8 in Armour
  6619 | D:8      | Identified the ring "Peocsoed" {*Corrode Fly rC++ Str+4}
  6831 | D:8      | Noticed a death yak
  6871 | D:8      | Killed a death yak
  6871 | D:8      | Reached *** piety under Okawaru
  6948 | D:8      | Found a staircase to the Lair.
  6961 | D:8      | Noticed an elephant
  6968 | D:8      | Noticed a kobold demonologist
  6969 | D:8      | Killed an elephant
  6984 | D:8      | Killed a kobold demonologist
  6985 | D:8      | Reached skill level 9 in Armour
  6987 | D:8      | Reached **** piety under Okawaru
  7039 | D:8      | Found a shimmering altar of Xom.
  7040 | D:8      | Found a hazy altar of Hepliaklqana.
  7041 | D:8      | Noticed a spectral ugly thing
  7333 | D:9      | Reached XP level 11. HP: 66/66 MP: 14/14
  7561 | D:9      | Reached ***** piety under Okawaru
  7902 | D:10     | Entered Level 10 of the Dungeon
  8012 | D:10     | Identified the -2 cloak of Honour {Dex+7} (Okawaru gifted
                  | it to you on level 10 of the Dungeon)
  8012 | D:10     | Received a gift from Okawaru
  8044 | D:10     | Noticed a two-headed ogre
  8059 | D:10     | Killed a two-headed ogre
  8161 | D:10     | Found a bloodstained altar of Trog.
  8161 | D:10     | Noticed Chaicat's ghost (journeyman MiFi)
  8176 | D:10     | Noticed Grum
  8207 | D:10     | Killed Grum
  8236 | D:10     | Found a staircase to the Orcish Mines.
  8257 | D:10     | Noticed a moth of wrath
  8260 | D:10     | Noticed a tengu warrior
  8367 | D:10     | Noticed a centaur warrior
  8402 | D:10     | Noticed a two-headed ogre
  8413 | D:10     | Killed a two-headed ogre
  8414 | D:10     | Reached skill level 10 in Shields
  8414 | D:10     | Found a transporter.
  8420 | D:10     | Found a transporter.
  8619 | D:11     | Noticed a soul eater
  8627 | D:11     | Reached skill level 10 in Armour
  8635 | D:11     | Reached skill level 5 in Invocations
  8885 | D:11     | Reached XP level 12. HP: 73/73 MP: 15/15
  9098 | D:11     | Found a transporter.
  9103 | D:11     | Noticed hgbash's ghost (journeyman MiBe)
  9114 | D:11     | Found a transporter.
  9235 | D:11     | Noticed a six-headed hydra
  9244 | D:11     | Killed a six-headed hydra
  9612 | D:12     | Found a frozen archway.
  9644 | IceCv    | Entered an ice cave
  9827 | D:12     | Noticed a boulder beetle
  9830 | D:12     | Noticed Jorgrun
  9912 | Lair:1   | Entered Level 1 of the Lair of Beasts
 10107 | Lair:1   | Identified the ring "Nyesesel" {*Slow rPois Will++ rCorr
                  | Stlth+}
 10163 | Lair:1   | Noticed an eight-headed hydra
 10166 | Lair:1   | Identified the +1 pair of boots "Jianaw" {Dex+4} (Okawaru
                  | gifted it to you on level 1 of the Lair of Beasts)
 10166 | Lair:1   | Received a gift from Okawaru
 10180 | Lair:1   | Killed an eight-headed hydra
 10192 | Lair:1   | Found a dark tunnel.
 10199 | Volcano  | Entered a volcano
 10293 | Volcano  | Reached skill level 11 in Armour
 10330 | Volcano  | Found a burning altar of Makhleb.
 10330 | Volcano  | Noticed a centaur warrior
 10345 | Volcano  | Killed a centaur warrior
 10418 | Volcano  | Noticed a hell knight
 10432 | Volcano  | Killed a hell knight
 10433 | Volcano  | Reached skill level 5 in Evocations
 11219 | Lair:1   | Noticed a six-headed hydra
 11226 | Lair:1   | Killed a four-headed hydra
 11469 | Lair:2   | Noticed Fannar
 11490 | Lair:2   | Killed Fannar
 11491 | Lair:2   | Reached XP level 13. HP: 79/79 MP: 17/17
 11674 | Lair:2   | Noticed Nergalle
 11680 | Lair:2   | Found a staircase to the Shoals.
 11691 | Lair:2   | Killed Nergalle
 11912 | Lair:2   | Found a transporter.
 11913 | Lair:2   | Noticed Cancer's ghost (journeyman GrEE)
 11919 | Lair:2   | Found a transporter.
 12419 | Lair:3   | Received a gift from Okawaru
 12452 | Lair:3   | Found a staircase to the Snake Pit.
 12469 | Lair:3   | Identified the +1 robe "Limion" {*Slow +Inv Will+++ Dex-2}
 12476 | Lair:3   | Reached skill level 12 in Armour
 12565 | Lair:3   | Reached skill level 10 in Long Blades
 12583 | Lair:3   | Received a gift from Okawaru
 13140 | Lair:3   | Received a gift from Okawaru
 13383 | Lair:4   | Gained mutation: Your large and strong wings let you fly.
                  | [Gargoyle growth]
 13383 | Lair:4   | Reached XP level 14. HP: 86/86 MP: 19/19
 14419 | Lair:5   | Acquired 998 gold pieces
 14565 | Lair:5   | Received a gift from Okawaru
 14766 | Lair:5   | Reached ****** piety under Okawaru
 14766 | Lair:5   | Received a gift from Okawaru
 15037 | Lair:5   | Reached skill level 13 in Armour
 15364 | Lair:6   | Entered Level 6 of the Lair of Beasts
 15600 | Lair:6   | Reached skill level 10 in Fighting
 15600 | Lair:6   | Reached skill level 10 in Dodging
 15872 | Lair:6   | Reached XP level 15. HP: 92/92 MP: 21/21
 15924 | Lair:6   | Found a corrupted altar of Lugonu.
 15924 | Lair:6   | Found a one-way gate to the infinite horrors of the Abyss.
 16002 | Lair:6   | Received a gift from Okawaru
 16365 | Lair:6   | Found a staircase to the Slime Pits.
 16844 | Orc:1    | Entered Level 1 of the Orcish Mines
 16844 | Orc:1    | Noticed an orc warlord
 16890 | D:10     | Killed an orc warlord
 16944 | Orc:1    | Noticed Snorg
 16972 | Orc:1    | Killed Snorg
 17161 | Orc:2    | Entered Level 2 of the Orcish Mines
 17569 | Orc:2    | Found a staircase to the Elven Halls.
 17659 | Orc:2    | Reached skill level 14 in Armour
 17738 | Orc:2    | Found Katiw's General Store.
 17847 | Orc:2    | Found Kyoj's Distillery.
 17985 | Orc:2    | Bought a wand of mindburst (11) for 255 gold pieces
 17985 | Orc:2    | Bought a condenser vane for 680 gold pieces
 17985 | Orc:2    | Bought a scroll of fog for 34 gold pieces
 17987 | Orc:2    | Bought a potion of heal wounds for 75 gold pieces
 17987 | Orc:2    | Bought a potion of mutation for 120 gold pieces
 18289 | Orc:2    | Received a gift from Okawaru
 18323 | Orc:2    | Found Sazxuob's Antique Armour Emporium.
 18323 | Orc:2    | Found Zymous's Book Shoppe.
 18323 | Orc:2    | Found a one-way gate leading to the halls of Pandemonium.
 18676 | Orc:1    | Noticed Harold
 18713 | Orc:1    | Killed Harold
 19018 | D:10     | Killed Chaicat's ghost
 19158 | D:11     | Killed hgbash's ghost
 19162 | D:11     | Identified the ring "Wotufaont" {Will+ MP+9}
 19239 | D:12     | Killed Jorgrun
 19240 | D:12     | Reached XP level 16. HP: 99/99 MP: 15/22
 19355 | D:12     | Noticed Erolcha
 19361 | D:12     | Killed Erolcha
 19628 | D:13     | Found a radiant altar of Vehumet.
 19698 | D:13     | Found a gate to the Vaults.
 19861 | D:13     | Received a gift from Okawaru
 20307 | D:14     | Found a sacrificial altar of Ru.
 20900 | D:15     | Entered Level 15 of the Dungeon
 21042 | D:15     | Reached skill level 15 in Shields
 21080 | D:15     | Reached skill level 15 in Armour
 21120 | D:15     | Found a staircase to the Depths.
 21417 | D:15     | Received a gift from Okawaru
 21596 | D:15     | Noticed Josephine
 21606 | D:15     | Killed Josephine
 21984 | Lair:2   | Killed Cancer's ghost
 21985 | Lair:2   | Reached skill level 10 in Invocations
 22041 | Snake:1  | Entered Level 1 of the Snake Pit
 22346 | Snake:1  | Reached XP level 17. HP: 104/104 MP: 24/24
 23713 | Snake:2  | Noticed Aizul
 23743 | Snake:2  | Killed Aizul
 24318 | Snake:3  | Noticed Saint Roka
 24390 | Snake:3  | Received a gift from Okawaru
 24559 | Snake:3  | Killed Saint Roka
 24615 | Snake:3  | Reached skill level 16 in Armour
 25213 | Snake:4  | Entered Level 4 of the Snake Pit
 25450 | Snake:4  | Noticed Vashnia
 25475 | Snake:4  | Received a gift from Okawaru
 25501 | Snake:4  | Killed Vashnia
 25502 | Snake:4  | Reached XP level 18. HP: 112/112 MP: 24/26
 25968 | Snake:4  | Received a gift from Okawaru
 26139 | Snake:4  | Got a serpentine rune of Zot
 26250 | Snake:4  | Found Fautinwiv's Jewellery Boutique.
 26260 | Snake:4  | Found Efai's Jewellery Emporium.
 26261 | Snake:4  | Found Paosor's Book Boutique.
 26262 | Snake:4  | Found Qalainim's Jewellery Emporium.
 26433 | Snake:4  | Identified the +1 animal skin of Prudence {Contam rC+++
                  | Dex+3 Stlth-} (Okawaru gifted it to you on level 4 of the
                  | Snake Pit)
 26433 | Snake:4  | Received a gift from Okawaru
 27141 | Depths:1 | Entered Level 1 of the Depths
 27150 | Depths:1 | Reached skill level 17 in Armour
 27706 | Depths:1 | Found a gateway to Hell.
 27716 | Depths:1 | Reached XP level 19. HP: 118/118 MP: 9/27
 27775 | Depths:1 | Identified the +9 demon blade "Liel" {pain, rN+ Will+}
 28027 | Depths:1 | Found a shimmering blue altar of Sif Muna.
 28336 | Depths:1 | Received a gift from Okawaru
 28549 | Depths:2 | Received a gift from Okawaru
 28578 | Depths:2 | Reached skill level 10 in Evocations
 28810 | Depths:2 | Identified the +6 dagger "Kunovvoty" {drain, Fly rF+ rC+
                  | Str+2}
 28975 | Depths:2 | Reached skill level 15 in Long Blades
 29216 | Depths:2 | Found a gateway to a ziggurat.
 29247 | Depths:2 | Received a gift from Okawaru
 29762 | Depths:2 | Reached skill level 18 in Armour
 29887 | Depths:2 | Identified the +6 demon blade of the Orcish Mines {drain,
                  | rF++} (Okawaru gifted it to you on level 2 of the Depths)
 29887 | Depths:2 | Received a gift from Okawaru
 29997 | Depths:2 | Paralysed by a vampire knight for 3 turns
 30006 | Depths:2 | Paralysed by a vampire knight for 3 turns
 30071 | Depths:2 | Noticed Jory
 30097 | Depths:2 | Killed Jory
 30098 | Depths:2 | Reached XP level 20. HP: 86/125 MP: 23/29
 30453 | Shoals:1 | Entered Level 1 of the Shoals
 30495 | Shoals:1 | Noticed Kirke
 30513 | Shoals:1 | Killed Kirke
 31579 | Shoals:2 | Noticed Nikola
 31614 | Shoals:2 | Killed Nikola
 31633 | Shoals:2 | Received a gift from Okawaru
 31978 | Shoals:2 | Upgraded the game from 0.28-a0-674-gdaf460b524 to
                  | 0.28-a0-683-ga8797d1ae1
 32324 | Shoals:3 | Noticed Ilsuiw
 32347 | Shoals:3 | Killed Ilsuiw
 32863 | Shoals:3 | Received a gift from Okawaru
 33217 | Shoals:4 | Entered Level 4 of the Shoals
 33217 | Shoals:4 | Identified Roxanne's Tome of Stones
 33217 | Shoals:4 | Noticed Roxanne
 33238 | Shoals:4 | Killed Roxanne
 33404 | Shoals:4 | Identified the +5 plate armour of the Gusle {rCorr Dex+4}
 33678 | Shoals:4 | Reached XP level 21. HP: 101/132 MP: 23/30
 33711 | Shoals:4 | Got a barnacled rune of Zot
 33803 | Shoals:4 | Reached skill level 19 in Armour
 33807 | Shoals:4 | Got the Disquisition on Changing and Cold
 34938 | Depths:3 | Received a gift from Okawaru
 35021 | Depths:3 | Found a magical portal.
 35030 | WizLab   | Entered The Chambers of the Cloud Mage
 35034 | WizLab   | Paralysed by an air elemental for 1 turns
 35051 | WizLab   | Paralysed by an air elemental for 1 turns
 35259 | WizLab   | Paralysed by an air elemental for 1 turns
 35374 | WizLab   | Paralysed by you for 5 turns
 35407 | WizLab   | Paralysed by an air elemental for 1 turns
 35416 | WizLab   | Paralysed by an air elemental for 1 turns
 35433 | WizLab   | Identified the ring "Mankomn" {rPois rN+ EV+4 Str+4 Dex-5}
 35445 | WizLab   | Got the Incunabulum of Flight
 35677 | Depths:3 | Reached skill level 15 in Dodging
 36380 | Depths:3 | Received a gift from Okawaru
 36625 | Depths:3 | Noticed a juggernaut
 36673 | Depths:3 | Noticed a golden dragon
 36674 | Depths:3 | Killed a juggernaut
 36675 | Depths:3 | Reached XP level 22. HP: 127/138 MP: 32/32
 36696 | Depths:3 | Killed a golden dragon
 36730 | Depths:3 | Noticed a golden dragon
 36740 | Depths:3 | Killed a golden dragon
 37055 | Depths:3 | Noticed a golden dragon
 37081 | Depths:3 | Killed a golden dragon
 37082 | Depths:3 | Reached skill level 20 in Armour
 37093 | Depths:3 | Noticed a juggernaut
 37126 | Depths:3 | Killed a juggernaut
 37197 | Depths:3 | Noticed a juggernaut
 37225 | Depths:3 | Killed a juggernaut
 37225 | Depths:3 | Received a gift from Okawaru
 37261 | Depths:3 | Noticed a juggernaut
 37283 | Depths:3 | Killed a juggernaut
 37317 | Depths:3 | Noticed a caustic shrike
 37322 | Depths:3 | Noticed a juggernaut
 37328 | Depths:3 | Noticed a caustic shrike
 37329 | Depths:3 | Killed a caustic shrike
 37330 | Depths:3 | Noticed a caustic shrike
 37331 | Depths:3 | Noticed a caustic shrike
 37358 | Depths:3 | Killed a juggernaut
 37375 | Depths:3 | Killed a caustic shrike
 37393 | Depths:3 | Killed a caustic shrike
 37421 | Depths:3 | Killed a caustic shrike
 37422 | Depths:3 | Reached skill level 15 in Fighting
 37438 | Depths:3 | Identified the +1 ring mail of the Gate {rF- Int+5 Dex-3
                  | Slay+2}
 37577 | Depths:4 | Entered Level 4 of the Depths
 37579 | Depths:4 | Noticed Sojobo
 37584 | Depths:4 | Paralysed by an air elemental for 1 turns
 37617 | Depths:4 | Found a corrupted altar of Lugonu.
 37682 | Depths:4 | Identified the +2 pair of gloves of Philately {Contam Str+4
                  | Int+6}
 37713 | Depths:4 | Found Yloecon's Antique Armour Shoppe.
 37795 | Depths:4 | Paralysed by a floating eye for 3 turns
 37804 | Depths:4 | Received a gift from Okawaru
 38059 | Depths:4 | Noticed the Enchantress
 38072 | Depths:4 | Cast into level 2 of the Abyss (the Enchantress)
 38115 | Abyss:2  | Found a corrupted altar of Lugonu.
 38133 | Abyss:2  | Gained mutation: You are weak. (Str -2) [a neqoxec]
 38134 | Abyss:2  | Gained mutation: You sometimes lose the ability to read
                  | scrolls when taking damage. [a neqoxec]
 38141 | Abyss:2  | Lost mutation: You sometimes lose the ability to read
                  | scrolls when taking damage. [potion of mutation]
 38141 | Abyss:2  | Lost mutation: You are weak. (Str -2) [potion of mutation]
 38141 | Abyss:2  | Gained mutation: You are frail. (-10% HP) [potion of
                  | mutation]
 38346 | Abyss:3  | Found a corrupted altar of Lugonu.
 38387 | Depths:4 | Escaped the Abyss
 38399 | Depths:4 | Killed the Enchantress
 38482 | Depths:4 | Noticed a golden dragon
 38541 | Depths:4 | Reached XP level 23. HP: 127/129 MP: 33/33
 38563 | Depths:4 | Killed a golden dragon
 38710 | Depths:4 | Killed Sojobo
 38742 | Depths:4 | Found a gate to the Realm of Zot.
 39209 | Vaults:1 | Entered Level 1 of the Vaults
 39323 | Vaults:1 | Identified the +0 pair of gloves of Uxixoes {rCorr}
                  | (Okawaru gifted it to you on level 1 of the Vaults)
 39323 | Vaults:1 | Received a gift from Okawaru
 40542 | Vaults:2 | Found a crumbling gateway.
 40552 | Desolati | Entered the Desolation of Salt
 40563 | Desolati | Reached skill level 21 in Armour
 40951 | Desolati | Identified the ring "Juav" {rElec rPois}
 41005 | Desolati | Identified the ring of Seumiutz {rElec rF+ rC+ Str+3
                  | Slay+3}
 41090 | Desolati | Got the Reference Book on Mutagenic Sinister Magic
 41096 | Desolati | Identified the +2 robe "Coborch" {Int+3}
 41156 | Desolati | Identified the ring of Creativity {*Corrode Will+ EV+4
                  | Dex+4}
 41337 | Desolati | Identified the ring "Kuyqont" {*Corrode +Blink rN+ Int+9
                  | Slay+4}
 41352 | Desolati | Identified the +10 flail "Puuxias" {freeze, Drain rN++
                  | Will+++ Str-4}
 41542 | Vaults:2 | Received a gift from Okawaru
 41647 | Vaults:2 | Reached XP level 24. HP: 129/136 MP: 34/34
 41704 | Vaults:2 | Found a staircase to the Crypt.
 42902 | Vaults:3 | Reached skill level 15 in Invocations
 43471 | Vaults:3 | You are sucked into a shaft and drop 1 floor!
 43641 | Vaults:4 | Received a gift from Okawaru
 43898 | Vaults:4 | Found a portal to a secret trove of treasure.
 44086 | Vaults:3 | Found Uleilobb's Antique Weapon Emporium.
 44260 | Vaults:3 | Reached skill level 22 in Armour
 45051 | Vaults:4 | Reached XP level 25. HP: 138/142 MP: 34/34
 45585 | Elf:1    | Entered Level 1 of the Elven Halls
 45677 | Elf:1    | Found Qaucas's General Store.
 45704 | Elf:1    | Bought a potion of curing for 48 gold pieces
 45704 | Elf:1    | Bought a scroll of teleportation for 48 gold pieces
 45704 | Elf:1    | Bought a scroll of blinking for 120 gold pieces
 45996 | Vaults:4 | You paid a toll of 17 potions of curing to enter a treasure
                  | trove
 45997 | Trove    | Entered a treasure trove
 46006 | Trove    | Got the Tome of Flight and Transmigration
 46009 | Trove    | Identified the amulet of Zykh {RegenMP Slay+2}
 46017 | Trove    | Identified the +6 falchion of Cataclysm {elec, rF++ Will-
                  | Str+4}
 46305 | Elf:1    | Found Sacvigae's Distillery.
 46318 | Elf:1    | Bought a potion of resistance for 110 gold pieces
 46318 | Elf:1    | Bought a potion of heal wounds for 55 gold pieces
 46318 | Elf:1    | Bought a potion of haste for 110 gold pieces
 46318 | Elf:1    | Bought a potion of heal wounds for 55 gold pieces
 46318 | Elf:1    | Bought a potion of heal wounds for 55 gold pieces
 46318 | Elf:1    | Bought a potion of heal wounds for 55 gold pieces
 46415 | Elf:1    | Received a gift from Okawaru
 46564 | Elf:1    | Acquired 813 gold pieces
 46580 | Elf:1    | Identified the +1 robe of Amorous Liberty {Stlth+}
 46869 | Elf:1    | Found Tagas's General Store.
 46878 | Elf:1    | Bought a wand of flame (12) for 119 gold pieces
 46878 | Elf:1    | Bought a potion of mutation for 136 gold pieces
 47359 | Elf:2    | Found a runed translucent gate.
 47359 | Elf:2    | Found a runed translucent gate.
 47359 | Elf:2    | Found a runed translucent gate.
 47367 | Elf:2    | Noticed Huol's ghost (adept FoFi)
 47471 | Elf:2    | Found a huge runed translucent gate.
 47471 | Elf:2    | Found a huge runed translucent gate.
 47472 | Elf:2    | Found a huge runed translucent gate.
 47472 | Elf:2    | Found a huge runed translucent gate.
 47473 | Elf:2    | Found a huge runed translucent gate.
 47615 | Elf:2    | Paralysed by an air elemental for 1 turns
 48270 | Elf:2    | Killed Huol's ghost
 48325 | Elf:3    | Entered Level 3 of the Elven Halls
 48413 | Elf:3    | Received a gift from Okawaru
 48859 | Elf:3    | Identified the +12 morningstar "Joraes" {vamp, Fly rElec
                  | Dex+4}
 48931 | Elf:3    | Identified the +10 trident "Spider's Demise" {speed,
                  | Fragile Dex+5}
 48975 | Elf:3    | Got the Grimoire of Destructive Fire
 48994 | Elf:3    | Got the Almanac of Cankerous Confrontation
 49099 | Elf:3    | Identified the +7 hunting sling of Kycyzong {speed, rF- rN+
                  | rCorr Str+3}
 49580 | Snake:4  | Bought the amulet "Nimaguw" {Drain Will+ Regen+ Int+7} for
                  | 1034 gold pieces
 49945 | Crypt:1  | Entered Level 1 of the Crypt
 50033 | Crypt:1  | Identified the +5 scimitar "Vunaupax" {vamp, rN+ Will+
                  | Str+2 Int+3} (Okawaru gifted it to you on level 1 of the
                  | Crypt)
 50033 | Crypt:1  | Received a gift from Okawaru
 50267 | Crypt:1  | Reached skill level 23 in Armour
 50367 | Crypt:1  | Reached XP level 26. HP: 149/149 MP: 35/35
 50367 | Crypt:1  | Noticed Boris
 50405 | Crypt:1  | Killed Boris
 51343 | Crypt:2  | Received a gift from Okawaru
 51648 | Crypt:2  | Found a runed translucent door.
 51652 | Crypt:2  | Noticed Paets's ghost (adept GrFi)
 51655 | Crypt:2  | Upgraded the game from 0.28-a0-683-ga8797d1ae1 to
                  | 0.28-a0-687-gb91baff9cc
 51819 | Crypt:2  | Identified the +1 ring mail of the Shrike {Str+4}
 52050 | Crypt:3  | Entered Level 3 of the Crypt
 52795 | Crypt:3  | Identified the +1 pair of boots of Magic {Int+4} (Okawaru
                  | gifted it to you on level 3 of the Crypt)
 52795 | Crypt:3  | Received a gift from Okawaru
 52983 | Crypt:3  | Noticed an ancient lich
 53002 | Crypt:3  | Killed an ancient lich
 53003 | Crypt:3  | Reached skill level 24 in Armour
 53204 | Crypt:3  | Found a staircase to the Tomb.
 53303 | Crypt:3  | Found an ancient bone altar of Kikubaaqudgha.
 53354 | Crypt:3  | Identified the +8 long sword "Nock" {flame, rElec Str+4
                  | Dex+3}
 53576 | Vaults:5 | Entered Level 5 of the Vaults
 53725 | Vaults:5 | Reached XP level 27. HP: 152/154 MP: 35/35
 53809 | Vaults:5 | Identified the ring of Mistrust {Will+ Str+7}
 54267 | Vaults:5 | Identified the +2 pair of gloves of the Eight Boll Weevils
                  | {rF+ rC- rN++ Slay+3} (Okawaru gifted it to you on level 5
                  | of the Vaults)
 54267 | Vaults:5 | Received a gift from Okawaru
 54285 | Vaults:5 | Reached skill level 25 in Armour
 54650 | Vaults:5 | Got a silver rune of Zot
 54947 | Vaults:5 | Found Plog's Magic Scroll Emporium.
 54947 | Vaults:5 | Found Duiny's Magic Scroll Shop.
 54948 | Vaults:5 | Noticed an ancient lich
 54958 | Vaults:5 | Killed an ancient lich
 54961 | Vaults:5 | Bought a scroll of teleportation for 51 gold pieces
 54968 | Vaults:5 | Bought a scroll of teleportation for 57 gold pieces
 54968 | Vaults:5 | Bought a scroll of fog for 38 gold pieces
 54968 | Vaults:5 | Bought a scroll of holy word for 142 gold pieces
 54968 | Vaults:5 | Bought a scroll of fear for 66 gold pieces
 54968 | Vaults:5 | Bought a scroll of teleportation for 57 gold pieces
 54968 | Vaults:5 | Bought a scroll of brand weapon for 380 gold pieces
 55464 | Zot:1    | Entered Level 1 of the Realm of Zot
 56171 | Zot:1    | Noticed an orb of fire
 56171 | Zot:1    | Gained mutation: You are dopey. (Int -2) [an orb of fire]
 56182 | Zot:1    | Gained mutation: Your spells are a little easier to cast,
                  | but a little less powerful. [an orb of fire]
 56193 | Zot:1    | Killed an orb of fire
 56207 | Zot:1    | Learned a level 3 spell: Swiftness
 56207 | Zot:1    | Acquired a manual of Air Magic
 57138 | Snake:4  | Bought a book of Cantrips for 168 gold pieces
 57527 | D:10     | Reached skill level 1 in Air Magic
 58240 | Zot:2    | Found the +4 dragonskin cloak
 58240 | Zot:2    | Noticed Tiamat
 58253 | Zot:2    | Reached skill level 1 in Spellcasting
 58371 | Zot:2    | Killed Tiamat
 58537 | Zot:2    | Found a transporter.
 58601 | Zot:2    | Identified the +1 crystal plate armour of the Quahog
                  | {Will++} (Okawaru gifted it to you on level 2 of the Realm
                  | of Zot)
 58601 | Zot:2    | Received a gift from Okawaru
 58629 | Zot:2    | Reached skill level 26 in Armour
 58691 | Zot:2    | Found a transporter.
 59423 | Zot:2    | Noticed an ancient lich
 59444 | Zot:2    | Killed an ancient lich
 59586 | Zot:2    | Gained mutation: Armour fits poorly on your strangely
                  | shaped body. [a cacodemon]
 59590 | Zot:2    | Lost mutation: You are dopey. (Int -2) [potion of mutation]
 59590 | Zot:2    | Lost mutation: You are frail. (-10% HP) [potion of
                  | mutation]
 59590 | Zot:2    | Lost mutation: Your spells are a little easier to cast, but
                  | a little less powerful. [potion of mutation]
 59590 | Zot:2    | Gained mutation: You tend to lose your temper in combat.
                  | [potion of mutation]
 59590 | Zot:2    | Gained mutation: You have large cloven feet. [potion of
                  | mutation]
 59591 | Zot:2    | Lost mutation: Armour fits poorly on your strangely shaped
                  | body. [potion of mutation]
 59591 | Zot:2    | Gained mutation: Your natural rate of healing is unusually
                  | fast. [potion of mutation]
 59591 | Zot:2    | Gained mutation: Your magical capacity is low. (-10% MP)
                  | [potion of mutation]
 59591 | Zot:2    | Lost mutation: You tend to lose your temper in combat.
                  | [potion of mutation]
 59610 | Zot:2    | Identified the ring "Ming" {*Slow rElec rF+ rCorr Dex+2}
 59617 | Zot:2    | Identified the ring "Quapn" {Wiz Contam rElec rPois Will++}
 59629 | Zot:2    | Identified the +0 scale mail "Paatrir" {rElec rF+ rC-
                  | Slay+5}
 59645 | Zot:2    | Identified the +1 plate armour of Gesah {Will+ Dex+4 SInv}
 60035 | Zot:3    | Reached skill level 15 in Evocations
 60262 | Zot:3    | Received a gift from Okawaru
 60537 | Zot:3    | Reached skill level 5 in Air Magic
 61417 | Zot:4    | Reached skill level 27 in Armour
 61827 | Zot:4    | Learned a level 1 spell: Apportation
 61892 | Zot:5    | Entered Level 5 of the Realm of Zot
 62256 | Zot:5    | Reached skill level 1 in Translocations
 62350 | Zot:5    | Identified the +7 arbalest of Okawaru's Esteem {elec,
                  | Str+7} (Okawaru gifted it to you on level 5 of the Realm of
                  | Zot)
 62350 | Zot:5    | Received a gift from Okawaru
 62398 | Zot:5    | Noticed an ancient lich
 62410 | Zot:5    | Killed an ancient lich
 62449 | Zot:5    | Noticed an orb of fire
 62471 | Zot:5    | Killed an orb of fire
 62483 | Zot:5    | Noticed an orb of fire
 62499 | Zot:5    | Gained mutation: Your magical capacity is very low. (-20%
                  | MP) [an orb of fire]
 62501 | Zot:5    | Killed an orb of fire
 62570 | Zot:5    | Noticed a dread lich
 62571 | Zot:5    | Noticed an orb of fire
 62578 | Zot:5    | Gained mutation: You have hidden genetic defects.
                  | [mutagenic glow]
 62588 | Zot:5    | Gained mutation: You occasionally shout uncontrollably at
                  | your foes. [an orb of fire]
 62604 | Zot:5    | Gained mutation: You tend to lose your temper in combat.
                  | [an orb of fire]
 62606 | Zot:5    | Killed an orb of fire
 62612 | Zot:5    | Gained mutation: You frequently scream uncontrollably at
                  | your foes. [mutagenic glow]
 62616 | Zot:5    | Killed a dread lich
 62621 | Zot:5    | Reached skill level 5 in Spellcasting
 62646 | Zot:5    | Received a gift from Okawaru
 62653 | Zot:5    | HP: 5/176 [Killer Klown/klown pie (28)]
 62654 | Zot:5    | Demolished by an Orb Guardian

Illustrated notes

Levels and vault maps discovered:
D:1:      lemuel_arrival_cross, layout_rooms, serial_shops, shop
D:2:      layout_basic, basic_ecumenical_altar, uniq_natasha
D:3:      layout_loops_ring, minmay_goblin_kobold_house
D:4:      layout_basic, general_overflow_altar, grunt_ministairs_13,
          uniq_edmund, uniq_ijyb
D:5:      layout_loops_ring, zin_treasury, minmay_temple_entry_junction_2,
          minmay_misc_feat_five, uniq_pikel
D:6:      layout_layer_cave, yredelemnul_altar_generic, uniq_eustachio
D:7:      layout_rooms, amcnicky_altar_gilded
D:8:      layout_rooms, regret_index_temple_of_mockery, david_lair_generic
D:9:      layout_roguey, grunt_ministairs_4
D:10:     layout_roguey, minmay_orc_entry_guard_dogs,
          gammafunk_ghost_wrathful_warriors, lightli_corner_chamber, uniq_grum
D:11:     layout_roguey [special_room_bee], gammafunk_ghost_berserking_beasts
D:12:     layout_rooms, portal_ice_cave_entry_pillars_2, uniq_erolcha,
          uniq_jorgrun
D:13:     layout_small_grid, david_vaults_4, st_stairs_13, fiery_altar_vehumet
D:14:     layout_loops_ring, lemuel_coloured_pillars_altar
D:15:     gammafunk_enter_depths_forms, layout_basic, dk_noncrumbling_3,
          uniq_josephine
Temple:   nicolae_temple_elliptical
Lair:1:   layout_regular_city, enter_volcano_1, serial_forest,
          infiniplex_forest_corner_2, infiniplex_forest_pool,
          infiniplex_forest_clump_tiny, infiniplex_forest_clump_curved,
          infiniplex_forest_lined_room_3, infiniplex_forest_straight_2,
          infiniplex_forest_lined_1
Lair:2:   layout_gridlike, minmay_shoals_entry_centaurs, gammafunk_ghost_arena,
          chequers_serial_rivers_room_b, serial_bayou_pond_b,
          chequers_serial_rivers_micro_d, grunt_megastairs_2, uniq_fannar,
          uniq_nergalle
Lair:3:   layout_gridlike, minmay_snake_entry_six_corridors, special_room,
          chequers_serial_rivers_small_3, bobbens_dragon_lair_wall,
          lemuel_fruit_tree
Lair:4:   layout_loops_ring, st_stairs_13, nicolae_quartered_pool_little,
          minmay_stone_trees_medium, chequers_serial_rivers_micro_e,
          minivault_23
Lair:5:   layout_layer_cave
Lair:6:   hellmonk_lair_end_abyssal_woods, layout_long_grid,
          minmay_slime_entry_pillars, serial_bayou_shore_a
Shoals:1: layout_shoals, nicolae_shoals_shepherds, uniq_kirke
Shoals:2: layout_shoals, uniq_nikola
Shoals:3: layout_shoals, uniq_ilsuiw
Shoals:4: shoals_end_simple, layout_shoals, uniq_roxanne
Snake:1:  layout_layer_cave, serial_bayou_lake_a
Snake:2:  layout_cave_town, uniq_aizul
Snake:3:  layout_onion, uniq_saint_roka
Snake:4:  grunt_snake_rune_spirals, layout_onion, serial_shops, shop,
          st_stairs_5, minmay_shop_grove, uniq_vashnia
Orc:1:    layout_caves, uniq_snorg, uniq_harold
Orc:2:    pf_orc_diabolical, layout_caves
Elf:1:    eino_elf_arrival_sip, layout_gridlike, serial_shops,
          nicolae_shop_statue_plus, nicolae_diamond_shop, shop,
          hangedman_elf_represent, minmay_misc_feat_ornament, st_stairs_11,
          grunt_megastairs_1
Elf:2:    elven_hall_of_blades_hangedman_alternative [nicolae_blade_tridents],
          layout_geoelf_diagonals, gammafunk_ghost_split
Elf:3:    grunt_elf_hall_asides, layout_geoelf_grid
Vaults:1: hangedman_vaults_hat, nicolae_vaults_network_quinsquares
          [nicolae_vaults_network_quincunx_subvault,
          nicolae_vaults_network_quincunx_subvault,
          nicolae_vaults_network_quincunx_subvault,
          nicolae_vaults_network_quincunx_subvault],
          nicolae_vaults_network_star, v_misc_14, v_misc_19,
          hangedman_vaults_maws, nicolae_vaults_shelves_hall,
          nicolae_vaults_network_square, v_rooms_3, v_misc_15,
          ontoclasm_vaults_shuriken, layout_vaults_omnibox
Vaults:2: portal_desolation_entry_garden, nicolae_vaults_twisting_passages,
          dpeg_vaults_monster_row, grunt_vaults_diagonal,
          nicolae_vaults_little_squares_5, ontoclasm_vaults_loading_screen,
          v_misc_15, layout_vaults_omnigrid, dummy_crypt_entry
Vaults:3: v_misc_25, nicolae_vaults_diagonal_hallway_8, vaults_room_fours,
          nicolae_vaults_network_periphery, v_misc_33,
          hangedman_vaults_corner_blocks, ontoclasm_vaults_misaligned,
          vaults_mumra_hexcomb, ontoclasm_vaults_chip,
          vaults_standard_mumra_enter_the_diamond, ontoclasm_vaults_hangar,
          nicolae_vaults_murderbox, v_misc_17, ontoclasm_vaults_tryst,
          layout_vaults_maze_bifur, serial_shops, shop
Vaults:4: nicolae_vaults_big_ls, v_misc_9, nicolae_vaults_circle_grid_b,
          v_misc_16, vaults_dpeg_encased_lava, vaults_room_pools,
          hangedman_vaults_snaps, grunt_vaults_focal, v_misc_26,
          vaults_mumra_minichess_inversion, v_misc_14, v_pattern_1,
          layout_vaults_big_cross, enter_trove_2
Vaults:5
Crypt:1:  hangedman_screamer, layout_basic
Crypt:2:  layout_regular_city, ebering_ghost_inner_flame
Crypt:3:  cryptofortress_bobbens
Depths:1: layout_forbidden_donut, led_sif_pool, hellmouth_1,
          minmay_misc_feat_diagonals, minmay_door_square,
          statue_in_the_mist_lemuel, minmay_checkered_concentric_circles
Depths:2: due_jory_tower, layout_cave_pools, ziggurat_fallback,
          lightli_too_deep, infiniplex_staircase_river, rand_demon_pan_entry_5,
          minmay_guarded_unrand_curses
Depths:3: grunt_twisty_corner, layout_gridlike, kennysheep_big_empty_room,
          hangedman_abyss_entry_splay, mu_enter_wizlab_3, hell_entry,
          lemuel_flamethrower_3
Depths:4: grunt_zot_entry_tricorne, layout_twisted_cross, pf_coc_iceberg,
          serial_shops, shop_statue, abyss_entry_flame_altar, minivault_11,
          eino_small_chamber_without_monster, uniq_enchantress, uniq_sojobo
Zot:1:    layout_cathedral_of_symmetry, grunt_ministairs_12
Zot:2:    gammafunk_dig_for_victory, layout_onion, lemuel_elevator, uniq_tiamat
Zot:3:    kennysheep_oblong_rooms, layout_cathedral_of_symmetry, st_stairs_6,
          grunt_megastairs_4
Zot:4:    layout_concentric_octagons
Zot:5:    layout_gridlike

Skill      XL: |  1  2  3  4  5  6  7  8  9 10 11 12 13 14 15 16 17 18 19 20 21 22 23 24 25 26 27 |
---------------+----------------------------------------------------------------------------------+-----
Long Blades    | 2 3 4 5 6 7 8 9 10 11 12 13 14 15 16 17 18 19 20 21 | 21.8
Dodging        | 1 2 3 4 5 6 7 8 9 10 11 12 13 14 15 16 17 | 17.8
Shields        | 4 5 7 8 9 10 11 12 13 14 15 16 17 18 19 20 21 22 23 25 | 25.4
Armour         | 4 5 6 7 9 10 11 12 13 14 15 16 17 18 19 20 21 22 23 24 27 | 27.0
Fighting       | 4 5 6 7 8 9 10 11 12 13 14 15 16 17 18 | 18.9
Invocations    | 2 4 5 6 7 8 9 10 11 12 13 14 15 16 18 | 18.0
Evocations     | 2 3 4 5 6 7 8 9 10 11 12 13 14 15 | 15.4
Air Magic      | 7 |  7.0
Spellcasting   | 5 |  5.1
Translocations | 2 |  2.6

Action                   |  1- 3 |  4- 6 |  7- 9 | 10-12 | 13-15 | 16-18 | 19-21 | 22-24 | 25-27 || total
-------------------------+-------+-------+-------+-------+-------+-------+-------+-------+-------++-------
Melee: Long sword        |   107 |   166 |   421 |   934 |       |       |       |       |       ||  1628
       Demon blade       |       |       |       |    42 |  1981 |  2383 |  2506 |  2460 |  3624 || 12996
       Unarmed           |       |       |       |       |       |       |       |       |     1 ||     1
Invok: Heroism           |       |       |     1 |    19 |    26 |    31 |    29 |    30 |    35 ||   171
       Finesse           |       |       |       |     2 |     5 |     7 |    11 |     9 |    16 ||    50
Evoke: Wand              |       |       |     1 |    17 |       |       |     1 |       |    16 ||    35
       Condenser vane    |       |       |       |       |       |     2 |     2 |     5 |     5 ||    14
       Tin of tremorston |       |       |       |       |       |       |       |     1 |     4 ||     5
  Use: Scroll            |       |     5 |    11 |     7 |     4 |     5 |     3 |     7 |    11 ||    53
       Potion            |       |     1 |       |       |       |     6 |     2 |     4 |    15 ||    28
Armor: Scale mail        |    48 |    80 |       |       |       |       |       |       |       ||   128
       Chain mail        |       |    11 |   230 |   376 |   481 |   106 |       |       |       ||  1204
       Crystal plate arm |       |       |       |       |       |   622 |  1079 |     6 |       ||  1707
       Gold dragon scale |       |       |       |       |       |       |       |  1010 |  1964 ||  2974
Dodge: Dodged            |    49 |    90 |   328 |   564 |   973 |   952 |   934 |   791 |  1434 ||  6115
Block: Buckler           |    31 |    39 |   128 |    60 |       |       |       |       |       ||   258
       Kite shield       |       |       |       |   544 |  1297 |  1643 |  1618 |  1470 |  2468 ||  9040
       Reflection        |       |       |       |       |       |       |     1 |    33 |    72 ||   106

Table legend: (Time is in decaauts)
 A = Elapsed time spent in this place.
 B = Non-inter-level travel time spent in this place.
 C = Inter-level travel time spent in this place.
 D = Time resting spent in this place.
 E = Time spent auto-exploring this place.
 F = Levels seen in this place.
 G = Mean time per level.
                   A        B        C        D        E       F      G
               +--------+--------+--------+--------+--------+-----+--------+
         Total |  57247 |  50030 |   7217 |    205 |  27021 |  60 |  954.1 |
       Dungeon |  14300 |  11537 |   2763 |     20 |   7109 |  15 |  953.3 |
        Temple |    166 |    142 |     24 |      0 |    124 |   1 |  166.0 |
          Lair |   6963 |   5700 |   1263 |      0 |   3689 |   6 | 1160.5 |
        Shoals |   3610 |   3447 |    163 |      0 |   1968 |   4 |  902.5 |
     Snake Pit |   4568 |   3979 |    589 |      0 |   2204 |   4 | 1142.0 |
  Orcish Mines |   2026 |   1722 |    304 |      0 |    664 |   2 | 1013.0 |
   Elven Halls |   2995 |   2788 |    207 |      0 |   1592 |   3 |  998.3 |
        Vaults |   6595 |   5850 |    745 |      0 |   3251 |   5 | 1319.0 |
         Crypt |   2978 |   2821 |    157 |      0 |   1426 |   3 |  992.7 |
        Depths |   5743 |   5082 |    661 |    134 |   1940 |   4 | 1435.8 |
           Zot |   5220 |   4883 |    337 |     24 |   2476 |   5 | 1044.0 |
         Abyss |    279 |    279 |      0 |      0 |      0 |   3 |   93.0 |
         Trove |     42 |     42 |      0 |      0 |      0 |   1 |   42.0 |
      Ice Cave |     67 |     67 |      0 |      0 |      0 |   1 |   67.0 |
       Volcano |    574 |    574 |      0 |     27 |    280 |   1 |  574.0 |
        Wizlab |    402 |    402 |      0 |      0 |     99 |   1 |  402.0 |
    Desolation |    711 |    711 |      0 |      0 |    199 |   1 |  711.0 |
               +--------+--------+--------+--------+--------+-----+--------+

Top non-repeatable levels by time:
Depths:3: 1893 daAuts
Depths:2: 1638 daAuts
   Orc:2: 1526 daAuts
  Lair:1: 1458 daAuts
Vaults:2: 1455 daAuts
   Zot:2: 1415 daAuts
 Snake:4: 1383 daAuts
Vaults:5: 1363 daAuts
Vaults:4: 1344 daAuts
 Snake:1: 1291 daAuts
   Zot:1: 1283 daAuts
     D:4: 1276 daAuts
Vaults:3: 1236 daAuts
  Lair:2: 1215 daAuts
  Lair:3: 1209 daAuts
